PIO (24 & UNDER)
JASPER COUGARS @ COLORADO COMMANDERS
06/11/2024
 
TOP OF THE 1ST
Jasper Cougars batting - Pitching for Colorado Commanders : RHP Tony Henderson
Pitching: RHP Tony Henderson
Batting: RHB Juan Vázquez 0-0: Swinging Strike
0-1: Called Strike
0-2: Ball
1-2: Strikes out swinging
Batting: RHB José Ortega 0-0: Ball
1-0: Called Strike
1-1: Ball
2-1: Foul Ball, location: 2F
2-2: Fly out, F7 (Line Drive, 78M)
Batting: RHB Manuel Pérez 0-0: Hit by Pitch
Batting: SHB Ron Edwards 0-0: Ball
1-0: Ball
Throwing error on steal attempt, E2
Manuel Pérez to third
2-0: Ground out 3-1 (Groundball, 34)
Top of the 1st over - 0 run(s), 0 hit(s), 1 error(s), 1 left on base; Jasper 0 - Colorado 0
BOTTOM OF THE 1ST
Colorado Commanders batting - Pitching for Jasper Cougars : LHP Millard Curtis
Pitching: LHP Millard Curtis
Batting: RHB Roberto Zamora 0-0: Called Strike
0-1: Foul Ball, location: 2F
0-2: Ball
1-2: Hit by Pitch
Batting: RHB Tim Adkins 0-0: Ball
Roberto Zamora steals 2nd base
1-0: Foul Ball, location: 2F
1-1: Foul Ball, location: 2F
1-2: Foul Ball, location: 2F
1-2: Foul Ball, location: 2F
1-2: Foul Ball, location: 2F
1-2: Ball
Single, Error in OF, E7, batter to second base
Roberto Zamora scores
Batting: RHB Lee Price 0-0: Foul Ball, location: 2F
0-1: Called Strike
0-2: Strikes out swinging
Batting: RHB Earnest Turner 0-0: Foul Ball, location: 2F
0-1: SINGLE (Flyball, 78S)
Tim Adkins to third
Runner from 3rd tries for Home, SAFE, no throw or cutoff
Batting: RHB José Aranda 0-0: Ball
1-0: Ball
2-0: Ball
3-0: Called Strike
3-1: SINGLE (Line Drive, 78S)
Earnest Turner to second
Batting: RHB John Riley 0-0: Ball
1-0: Ground out 5-3 (Groundball, 56S)
Earnest Turner to third
José Aranda to second
Batting: RHB Emiel van Rhee 0-0: Called Strike
0-1: Swinging Strike
0-2: Ball
1-2: Ball
2-2: Fly out, F3 (Popup, 3SF)
Bottom of the 1st over - 2 run(s), 3 hit(s), 1 error(s), 2 left on base; Jasper 0 - Colorado 2
TOP OF THE 2ND
Jasper Cougars batting - Pitching for Colorado Commanders : RHP Tony Henderson
Batting: RHB Tsugahara Suzuki 0-0: Foul Ball, location: 2F
0-1: SINGLE (Flyball, 8LS)
Batting: LHB Jon Scott 0-0: Called Strike
0-1: Called Strike
0-2: Foul Ball, location: 2F
0-2: Ball
1-2: Ball
2-2: Strikes out swinging
Batting: SHB Martín Cruz 0-0: Called Strike
0-1: Fly out, F9 (Flyball, 9M)
Batting: LHB Millard Curtis 0-0: Ball
1-0: Ball
2-0: Called Strike
2-1: Called Strike
2-2: Strikes out swinging
Top of the 2nd over - 0 run(s), 1 hit(s), 0 error(s), 1 left on base; Jasper 0 - Colorado 2
BOTTOM OF THE 2ND
Colorado Commanders batting - Pitching for Jasper Cougars : LHP Millard Curtis
Batting: SHB Ángel Díaz 0-0: Ball
1-0: Ball
2-0: Foul Ball, location: 2F
2-1: Ball
3-1: Base on Balls
Batting: LHB Gary Kern 0-0: Ball
1-0: Swinging Strike
1-1: Ball
2-1: Ball
3-1: Foul Ball, location: 2F
3-2: Strikes out looking
Ángel Díaz is caught stealing 2nd base
Batter strikes out.
Batting: RHB Roberto Zamora 0-0: Called Strike
0-1: Called Strike
0-2: SINGLE (Flyball, 89S)
Batting: RHB Tim Adkins 0-0: Ball
1-0: Fielders Choice at 2nd, 6-4 (Groundball, 6)
Bottom of the 2nd over - 0 run(s), 1 hit(s), 0 error(s), 0 left on base; Jasper 0 - Colorado 2
TOP OF THE 3RD
Jasper Cougars batting - Pitching for Colorado Commanders : RHP Tony Henderson
Batting: RHB Juan Carlos 0-0: SINGLE (Groundball, 56)
Batting: RHB Juan Vázquez 0-0: Fly out, F8 (Flyball, 8RM)
Batting: RHB José Ortega 0-0: Swinging Strike
0-1: Ball
1-1: Ball
Wild Pitch!
Juan Carlos to second
2-1: Ball
3-1: Called Strike
3-2: Foul Ball, location: 2F
3-2: Strikes out swinging
Batting: RHB Manuel Pérez 0-0: Called Strike
0-1: Ball
1-1: Called Strike
1-2: DOUBLE (Line Drive, 7LS)
Juan Carlos scores
Batting: SHB Ron Edwards 0-0: Ball
1-0: Ball
2-0: Ball
3-0: Called Strike
3-1: Called Strike
3-2: Foul Ball, location: 2F
3-2: Ground out 4-3 (Groundball, 4)
Top of the 3rd over - 1 run(s), 2 hit(s), 0 error(s), 1 left on base; Jasper 1 - Colorado 2
BOTTOM OF THE 3RD
Colorado Commanders batting - Pitching for Jasper Cougars : LHP Millard Curtis
Batting: RHB Lee Price 0-0: Called Strike
0-1: Called Strike
0-2: Ball
1-2: Strikes out swinging
Batting: RHB Earnest Turner 0-0: Called Strike
0-1: SINGLE (Line Drive, 89S)
Batting: RHB José Aranda 0-0: Called Strike
0-1: Fielders Choice at 2nd, 6-4 (Groundball, 56)
Now at 2B: Ernesto Mendoza
Batting: RHB John Riley 0-0: Foul Ball, location: 2F
0-1: Ball
1-1: Foul Ball, location: 2F
1-2: Ball
2-2: Strikes out looking
Bottom of the 3rd over - 0 run(s), 1 hit(s), 0 error(s), 1 left on base; Jasper 1 - Colorado 2
TOP OF THE 4TH
Jasper Cougars batting - Pitching for Colorado Commanders : RHP Tony Henderson
Batting: SHB Ernesto Mendoza 0-0: Ball
1-0: Swinging Strike
1-1: Called Strike
1-2: Strikes out swinging
Batting: LHB Jon Scott 0-0: Called Strike
0-1: Ball
1-1: Called Strike
1-2: Ground out 1-3 (Groundball, 15)
Batting: SHB Martín Cruz 0-0: Ball
1-0: Ball
2-0: Swinging Strike
2-1: Foul Ball, location: 2F
2-2: Strikes out swinging
Top of the 4th over - 0 run(s), 0 hit(s), 0 error(s), 0 left on base; Jasper 1 - Colorado 2
BOTTOM OF THE 4TH
Colorado Commanders batting - Pitching for Jasper Cougars : LHP Millard Curtis
Batting: RHB Emiel van Rhee 0-0: Called Strike
0-1: Ball
1-1: Fly out, F9 (Flyball, 89M)
Batting: SHB Ángel Díaz 0-0: Called Strike
0-1: Ground out 6-3 (Groundball, 6)
Batting: LHB Gary Kern 0-0: Swinging Strike
0-1: Ball
1-1: Called Strike
1-2: Ball
2-2: Strikes out swinging
Bottom of the 4th over - 0 run(s), 0 hit(s), 0 error(s), 0 left on base; Jasper 1 - Colorado 2
TOP OF THE 5TH
Jasper Cougars batting - Pitching for Colorado Commanders : RHP Tony Henderson
Batting: LHB Millard Curtis 0-0: Ball
1-0: Ball
2-0: Foul Ball, location: 2F
2-1: Swinging Strike
2-2: Foul Ball, location: 2F
2-2: SINGLE (Flyball, 8LM)
Batting: RHB Juan Carlos 0-0: Fly out, F8 (Popup, 4MD)
Batting: RHB Juan Vázquez 0-0: Foul Ball, location: 2F
0-1: Ball
1-1: Called Strike
1-2: Fielders Choice at 2nd, 5-4 (Groundball, 56)
Batting: RHB José Ortega 0-0: Ball
1-0: Ball
2-0: Foul Ball, location: 2F
2-1: Foul Ball, location: 2F
2-2: Ball
Juan Vázquez steals 2nd base
3-2: Strikes out swinging
Top of the 5th over - 0 run(s), 1 hit(s), 0 error(s), 1 left on base; Jasper 1 - Colorado 2
BOTTOM OF THE 5TH
Colorado Commanders batting - Pitching for Jasper Cougars : LHP Millard Curtis
Batting: RHB Roberto Zamora 0-0: Ball
1-0: Foul Ball, location: 2F
1-1: Called Strike
1-2: Foul Ball, location: 2F
1-2: Ball
2-2: Strikes out swinging
Batting: RHB Tim Adkins 0-0: Foul Ball, location: 2F
0-1: Ball
1-1: Ball
2-1: Fly out, F9 (Flyball, 9LM)
Batting: RHB Lee Price 0-0: Called Strike
0-1: Swinging Strike
0-2: Strikes out looking
Bottom of the 5th over - 0 run(s), 0 hit(s), 0 error(s), 0 left on base; Jasper 1 - Colorado 2
TOP OF THE 6TH
Jasper Cougars batting - Pitching for Colorado Commanders : RHP Tony Henderson
Batting: RHB Manuel Pérez 0-0: Ball
1-0: Swinging Strike
1-1: Ball
2-1: Foul Ball, location: 2F
2-2: Ball
3-2: Strikes out swinging
Batting: SHB Ron Edwards 0-0: Ball
1-0: Swinging Strike
1-1: Foul Ball, location: 2F
1-2: Strikes out swinging
Batting: SHB Ernesto Mendoza 0-0: Called Strike
0-1: Foul Ball, location: 2F
0-2: Ball
1-2: Strikes out swinging
Top of the 6th over - 0 run(s), 0 hit(s), 0 error(s), 0 left on base; Jasper 1 - Colorado 2
BOTTOM OF THE 6TH
Colorado Commanders batting - Pitching for Jasper Cougars : LHP Millard Curtis
Batting: RHB Earnest Turner 0-0: Called Strike
0-1: Swinging Strike
0-2: SINGLE (Groundball, 56D)
Batting: RHB José Aranda 0-0: Called Strike
0-1: Foul Ball, location: 2F
0-2: Grounds into double play, U6-3 (Groundball, 6M)
Batting: RHB John Riley 0-0: Called Strike
0-1: Called Strike
0-2: Ball
1-2: Ball
2-2: SINGLE (Line Drive, 7S)
Pitching: LHP Javier Galeas
Batting: RHB Emiel van Rhee 0-0: Called Strike
0-1: Ball
1-1: Ball
2-1: Called Strike
2-2: Ball
3-2: Base on Balls
John Riley to second
Batting: SHB Ángel Díaz 0-0: Foul Ball, location: 2F
0-1: Swinging Strike
0-2: Foul Ball, location: 2F
0-2: Foul Ball, location: 2F
0-2: Ball
1-2: Strikes out looking
Bottom of the 6th over - 0 run(s), 2 hit(s), 0 error(s), 2 left on base; Jasper 1 - Colorado 2
TOP OF THE 7TH
Jasper Cougars batting - Pitching for Colorado Commanders : RHP Tony Henderson
Pitching: RHP Tomás Rodríguez
Batting: LHB Jon Scott 0-0: Ball
1-0: Swinging Strike
1-1: Ball
2-1: Called Strike
2-2: Ground out 4-3 (Groundball, 4)
Batting: SHB Martín Cruz 0-0: Swinging Strike
0-1: Swinging Strike
0-2: Ball
1-2: Foul Ball, location: 2F
1-2: Ground out 6-3 (Groundball, 6)
Batting: LHB Millard Curtis 0-0: Foul Ball, location: 2F
0-1: Ball
1-1: Foul Ball, location: 2F
1-2: Foul Ball, location: 2F
1-2: Ball
2-2: Foul Ball, location: 2F
2-2: Foul Ball, location: 2F
2-2: Ball
3-2: Base on Balls
Batting: RHB Juan Carlos 0-0: Called Strike
0-1: Foul Ball, location: 2F
0-2: Foul Ball, location: 2F
0-2: Strikes out swinging
Top of the 7th over - 0 run(s), 0 hit(s), 0 error(s), 1 left on base; Jasper 1 - Colorado 2
BOTTOM OF THE 7TH
Colorado Commanders batting - Pitching for Jasper Cougars : LHP Javier Galeas
Batting: LHB Gary Kern 0-0: Ball
1-0: Ball
2-0: Ball
3-0: Called Strike
3-1: Called Strike
3-2: Strikes out swinging
Batting: RHB Roberto Zamora 0-0: SINGLE (Line Drive, 6MD)
Batting: RHB Tim Adkins 0-0: Fly out, F8 (Flyball, 8LM)
Batting: RHB Lee Price 0-0: Ball
1-0: Foul Ball, location: 2F
1-1: Called Strike
Roberto Zamora is caught stealing 2nd base
Bottom of the 7th over - 0 run(s), 1 hit(s), 0 error(s), 0 left on base; Jasper 1 - Colorado 2
TOP OF THE 8TH
Jasper Cougars batting - Pitching for Colorado Commanders : RHP Tomás Rodríguez
Pitching: RHP Manuel Zarate
Now at 1B: Xavier De La Cruz
Batting: RHB Juan Vázquez 0-0: Ball
1-0: Fly out, F6 (Popup, 6MD)
Batting: RHB José Ortega 0-0: Called Strike
0-1: Ball
1-1: Fly out, F9 (Flyball, 9M)
Batting: RHB Manuel Pérez 0-0: Ball
1-0: Called Strike
1-1: Ground out 5-3 (Groundball, 5L)
Top of the 8th over - 0 run(s), 0 hit(s), 0 error(s), 0 left on base; Jasper 1 - Colorado 2
BOTTOM OF THE 8TH
Colorado Commanders batting - Pitching for Jasper Cougars : LHP Javier Galeas
Batting: RHB Lee Price 0-0: Ball
1-0: Foul Ball, location: 2F
1-1: Foul Ball, location: 2F
1-2: Fly out, F8 (Flyball, 8LM)
Batting: RHB Earnest Turner 0-0: Called Strike
0-1: Ball
1-1: Called Strike
1-2: Strikes out swinging
Batting: RHB José Aranda 0-0: Ground out 5-3 (Groundball, 5S)
Bottom of the 8th over - 0 run(s), 0 hit(s), 0 error(s), 0 left on base; Jasper 1 - Colorado 2
TOP OF THE 9TH
Jasper Cougars batting - Pitching for Colorado Commanders : RHP Manuel Zarate
Pitching: LHP Jerry Beck
Now in LF: Richard Pendergast
Batting: SHB Ron Edwards 0-0: Foul Ball, location: 2F
0-1: Called Strike
0-2: Foul Ball, location: 2F
0-2: Ground out 2-3 (Groundball, 25)
Batting: SHB Ernesto Mendoza 0-0: Ball
1-0: Called Strike
1-1: Called Strike
1-2: Strikes out swinging
Batting: LHB Jon Scott 0-0: Ball
1-0: SINGLE (Groundball, 56S)
Batting: SHB Martín Cruz 0-0: Ball
1-0: Called Strike
1-1: Foul Ball, location: 2F
1-2: Ball
2-2: Ground out 4-3 (Groundball, 4)
Top of the 9th over - 0 run(s), 1 hit(s), 0 error(s), 1 left on base; Jasper 1 - Colorado 2
This league is powered by Out of the Park Baseball, the baseball management simulation game for PC, Mac and Linux
Saturday, April 9th, 2016 - OOTP Baseball 16.8 Build 38